 Dungeon Crawl Stone Soup version 0.27-a0-74-gebd156f8b4 (webtiles) character file.

Game seed: 18296022778573828952

2 hehateme the Magician (level 1, 0/14 HPs)
             Began as a Hill Orc Hedge Wizard on Jan 11, 2021.
             Succumbed to a kobold's poison
             ... on level 1 of the Dungeon.
             The game lasted 00:00:44 (168 turns).

hehateme the Magician (Hill Orc Hedge Wizard)        Turns: 168, Time: 00:00:45

Health: 0/14       AC:  2    Str: 12    XL:     1   Next: 40%
Magic:  0/3        EV: 12    Int: 14    God:
Gold:   0          SH:  0    Dex: 10    Spells: 3/4 levels left

rFire    . . .     SeeInvis .   a - +0 dagger
rCold    . . .     Faith    .   (no shield)
rNeg     . . .     Spirit   .   b - +0 robe
rPois    .         Reflect  .   c - +0 hat
rElec    .         Harm     .   (no cloak)
rCorr    .         Rampage  .   (no gloves)
Will     .....                  (no boots)
Stlth    ++........             (no amulet)
HPRegen  0.04/turn              (no ring)
MPRegen  0.08/turn              (no ring)

@: lethally poisoned (0 -> -17)
A: no striking features
a: no special abilities


You were on level 1 of the Dungeon.
You visited 1 branch of the dungeon, and saw 1 of its levels.

Inventory:

Hand Weapons
 a - a +0 dagger (weapon)
Armour
 b - a +0 robe (worn)
 c - a +0 hat (worn)
Scrolls
 d - a scroll of identify {unknown}


   Skills:
 + Level 0.2 Fighting
 - Level 1.5 Dodging
 - Level 1.5 Stealth
 + Level 2.4 Spellcasting
 * Level 1.2 Conjurations
 - Level 1.0 Summonings
 - Level 0.7 Translocations


You had 3 spell levels left.
You knew the following spells:

 Your Spells              Type           Power        Failure   Level
a - Magic Dart            Conj           20%          14%         1

Your spell library contained the following spells:

 Spells                   Type           Power        Failure   Level
 Call Imp                 Summ           4%           22%         2
 Blink                    Tloc           N/A          26%         2
 Slow                     Hex            1%           34%         2
 Conjure Flame            Conj/Fire      3%           47%         3
 Mephitic Cloud           Conj/Pois/Air  2%           50%         3


Dungeon Overview and Level Annotations

Branches:
Dungeon (1/15)

Altars:


Message History

You feel sick.
You take 1 damage, and have 4/14 hp.
* * * LOW HITPOINT WARNING * * *
You feel sick.
You take 1 damage, and have 3/14 hp.
* * * LOW HITPOINT WARNING * * *
You feel sick.
You take 1 damage, and have 2/14 hp.
You aren't carrying any potions.
Unknown command.
Aim: a hobgoblin (lightly wounded, 0% to evade)
The magic dart hits the kobold but does no damage.
* * * LOW HITPOINT WARNING * * *
You feel sick. The kobold hits you but does no damage.
You are more poisoned.
You take 1 damage, and have 1/14 hp.
You now have 1/3 mp.
Aim: a hobgoblin (lightly wounded, 0% to evade)
The magic dart hits the kobold but does no damage.
* * * LOW MAGIC WARNING * * *
You die...

#.# #.# #.# #.#
#.# #.# #.# #.#
#.###†# #
####.##..# #.#
#.......## ..
#.##.##.##
#.##@##.##..###
#..JK.........#
#.##.##.##..#.#
# ##g##.##..#.#
#...†g....#.#
#.#######.#.#
#. #.#.# #.
#.#.# #. #.#.#

Notes
Turn   | Place    | Note
-------+----------+-------------------------------------------
     0 | D:1      | hehateme the Hill Orc Hedge Wizard began the quest for the
                  | Orb.
     0 | D:1      | Reached XP level 1. HP: 14/14 MP: 3/3
   165 | D:1      | HP: 3/14 [poisoned by a kobold]
   167 | D:1      | HP: 1/14 [poisoned by a kobold]
   168 | D:1      | Succumbed to a kobold's poison

Table legend: (Time is in decaauts)
 A = Elapsed time spent in this place.
 B = Non-inter-level travel time spent in this place.
 C = Inter-level travel time spent in this place.
 D = Time resting spent in this place.
 E = Time spent auto-exploring this place.
 F = Levels seen in this place.
 G = Mean time per level.
                   A        B        C        D        E       F      G
               +--------+--------+--------+--------+--------+-----+--------+
         Total |    168 |    168 |      0 |      0 |     93 |   1 |  168.0 |
       Dungeon |    168 |    168 |      0 |      0 |     93 |   1 |  168.0 |
               +--------+--------+--------+--------+--------+-----+--------+

Top non-repeatable levels by time:
     D:1: 168 daAuts

Table legend:
 A = Kills in this place as a percentage of kills in entire the game.
 B = Kills by you in this place as a percentage of kills by you in the entire game.
 C = Kills by friends in this place as a percentage of kills by friends in the entire game.
 D = Other kills in this place as a percentage of other kills in the entire game.
 E = Experience gained in this place as a percentage of experience gained in the entire game.
 F = Experience gained in this place divided by the number of levels of this place that you have seen.
                   A       B       C       D       E      F
               +-------+-------+-------+-------+-------+----------------------
         Total | 100.0 | 100.0 |   N/A |   N/A | 100.0 |   4.0
       Dungeon | 100.0 | 100.0 |   N/A |   N/A | 100.0 |   4.0
               +-------+-------+-------+-------+-------+----------------------

Action                   || total
-------------------------++-------
Melee: Dagger            ||     3
 Cast: Magic Dart        ||    11
Dodge: Dodged            ||     6

Vanquished Creatures
  A goblin (D:1)
  A kobold (D:1)
  A rat (D:1)
3 creatures vanquished. You could see an ooze, a hobgoblin and a kobold.

Levels and vault maps discovered:
D:1:      lemuel_arrival_tunnels, layout_loops_ring,
          chequers_serial_rivers_room_a
